 Dungeon Sprint DCSS version 0.17.2-1-ge4368a0 (webtiles) character file.

687 mopl the Covert (level 7, -2/52 HPs)
             Began as a Spriggan Assassin on Aug 23, 2016.
             Was a High Priest of Trog.
             Slain by a demonic crawler (5 damage)
             ... in the Dungeon (Sprint VII: "The Pits").
             The game lasted 00:01:41 (458 turns).

mopl the Covert (Spriggan Assassin)                  Turns: 458, Time: 00:01:41

Health: -2/52      AC:  3    Str: 12    XL:     7   Next: 35%
Magic:  8/8        EV: 17    Int: 12    God:    Trog [*****.]
Gold:   0          SH:  0    Dex: 20    Spells: 0 memorised, 6 levels left

rFire  . . .     SeeInvis +     a - +1 dagger (drain)
rCold  . . .     Clarity  .     c - +0 robe
rNeg   . . .     SustAt   .     (shield restricted)
rPois  .         Gourm    .     (helmet restricted)
rElec  .         Spirit   .     d - +0 cloak
rCorr  .         Warding  .     (gloves unavailable)
rMut   .         NoTele   +     (boots unavailable)
MR     +++..                    (no amulet)
Stlth  ..........               (no ring)
                                (no ring)

@: berserking, regenerating, very quick, extremely resistant to hostile
enchantments, extremely unstealthy
A: unfitting armour, see invisible, herbivore 3, speed 3, slow metabolism 2
a: Berserk, Trog's Hand, Brothers in Arms, Burn Spellbooks, Renounce Religion


You were in the Dungeon.
You worshipped Trog.
Trog was extremely pleased with you.
You were full.

You visited 1 branch

Inventory:

Hand Weapons
 a - a +1 dagger of draining (weapon)
 b - a +0 blowgun
Missiles
 e - 8 poisoned needles
 f - 2 curare-tipped needles
 s - 5 tomahawks of returning (quivered)
Armour
 c - a +0 robe (worn)
 d - a +0 cloak (worn)
Scrolls
 m - a scroll of blinking
 p - 3 scrolls of remove curse
 q - a scroll of summoning
 r - 2 scrolls of vulnerability
Potions
 h - 6 potions of curing
 i - 6 potions of heal wounds
 j - a potion of haste
 k - 4 potions of magic
 l - 3 potions of berserk rage {!q}
 o - 2 potions of invisibility
Comestibles
 g - 7 bread rations
 n - 40 fruits


   Skills:
 + Level 2.3 Fighting
 + Level 3.0 Short Blades
 * Level 12.7 Throwing
 - Level 1.5 Dodging
 + Level 14.6 Stealth


You had 6 spell levels left.
You didn't know any spells.

Dungeon Overview and Level Annotations

Branches:
Dungeon (1/1)

Altars:
Ashenzari
Cheibriados
Dithmenos
Elyvilon
Fedhas
Gozag
Kikubaaqudgha
Makhleb
Nemelex Xobeh
Okawaru
Qazlal
Ru
Sif Muna
Trog
Vehumet
Xom
Yredelemnul
Zin
The Shining One
Beogh
Jiyva
Lugonu


Innate Abilities, Weirdness & Mutations

You are tiny and cannot use many weapons and most armour.
You have supernaturally acute eyesight.
You are a herbivore.
You cover ground extremely quickly.
You need consume almost no food.


Message History

The demonic crawler hits you!
* * * LOW HITPOINT WARNING * * *
You are too injured to fight recklessly!
You completely miss the demonic crawler.
The demonic crawler is moderately wounded.
You hit the demonic crawler but do no damage.
The demonic crawler is moderately wounded.
The demonic crawler hits you!
* * * LOW HITPOINT WARNING * * *
The demonic crawler barely misses you. The demonic crawler misses you.
You barely miss the demonic crawler.
The demonic crawler is moderately wounded.
The demonic crawler hits you but does no damage.
The demonic crawler misses you.
The demonic crawler completely misses you.
Unknown command.
You puncture the demonic crawler!
The demonic crawler is moderately wounded.
The demonic crawler hits you.
You die...

#.#.....#'###...<...#
#.#.†......##.......#
#.#........##.......#
#'###########.......#
#...†...#..##########
#..###..#)######
#.......#)#....#
##.###)##)#....#
#...)...#@sl...+
#..###..#'#....#
#...†...')#....#
################


You could see a demonic crawler and a basilisk.

Vanquished Creatures
  A wyvern (D)
  A hungry ghost (D)
  A water moccasin (D)
  A big kobold (D)
  2 brain worms (D)
  2 orc wizards (D)
  A worm (D)
  A giant gecko (D)
  4 orcs (D)
  A ball python (D)
  A bat zombie (D)
  3 jackals (D)
  A giant cockroach (D)
  A goblin (D)
  A kobold (D)
  A rat (D)
23 creatures vanquished.

Vanquished Creatures (collateral kills)
  A necrophage (D)
1 creature vanquished.

Grand Total: 24 creatures vanquished

Notes
Turn   | Place    | Note
--------------------------------------------------------------
     0 | D        | mopl the Spriggan Assassin began the quest for the Orb.
     0 | D        | Reached XP level 1. HP: 10/10 MP: 2/2
    11 | D        | Reached skill level 6 in Stealth
    19 | D        | Found a sacrificial altar of Ru.
    19 | D        | Found a basalt altar of Yredelemnul.
    19 | D        | Found a shadowy altar of Dithmenos.
    19 | D        | Found a deep blue altar of Sif Muna.
    19 | D        | Found a burning altar of Makhleb.
    19 | D        | Found a shimmering altar of Xom.
    19 | D        | Found an ancient bone altar of Kikubaaqudgha.
    19 | D        | Found a sparkling altar of Nemelex Xobeh.
    20 | D        | Found a glowing golden altar of the Shining One.
    20 | D        | Found a bloodstained altar of Trog.
    20 | D        | Found a shattered altar of Ashenzari.
    20 | D        | Found a white marble altar of Elyvilon.
    20 | D        | Found a snail-covered altar of Cheibriados.
    20 | D        | Found a blossoming altar of Fedhas.
    20 | D        | Found a radiant altar of Vehumet.
    20 | D        | Found a glowing silver altar of Zin.
    20 | D        | Found a corrupted altar of Lugonu.
    20 | D        | Found a viscous altar of Jiyva.
    20 | D        | Found a roughly hewn altar of Beogh.
    20 | D        | Found an iron altar of Okawaru.
    23 | D        | Became a worshipper of Trog the Wrathful
    26 | D        | Found a stormy altar of Qazlal.
    26 | D        | Found an opulent altar of Gozag.
    53 | D        | Noticed a brain worm
    55 | D        | Killed a brain worm
    55 | D        | Reached skill level 6 in Throwing
    55 | D        | Reached skill level 9 in Stealth
    55 | D        | Reached XP level 2. HP: 14/14 MP: 3/3
    55 | D        | Reached XP level 3. HP: 18/18 MP: 4/4
    61 | D        | Reached * piety under Trog
    74 | D        | Reached XP level 4. HP: 22/22 MP: 5/5
    75 | D        | Reached ** piety under Trog
    84 | D        | Reached *** piety under Trog
   137 | D        | Noticed a brain worm
   140 | D        | Noticed a hungry ghost
   142 | D        | Killed a brain worm
   142 | D        | Reached skill level 8 in Throwing
   142 | D        | Reached skill level 10 in Stealth
   142 | D        | Reached XP level 5. HP: 25/25 MP: 6/6
   144 | D        | Killed a hungry ghost
   144 | D        | Reached skill level 10 in Throwing
   144 | D        | Reached skill level 12 in Stealth
   144 | D        | Reached XP level 6. HP: 30/30 MP: 7/7
   152 | D        | Reached **** piety under Trog
   156 | D        | Noticed a water moccasin
   161 | D        | Killed a water moccasin
   161 | D        | Reached skill level 11 in Throwing
   161 | D        | Reached skill level 13 in Stealth
   336 | D        | Noticed a big kobold
   338 | D        | Killed a big kobold
   340 | D        | Noticed a wyvern
   342 | D        | Killed a wyvern
   342 | D        | Received a gift from Trog
   342 | D        | Reached skill level 12 in Throwing
   342 | D        | Reached skill level 14 in Stealth
   342 | D        | Reached XP level 7. HP: 33/33 MP: 8/8
   345 | D        | Noticed an orc wizard
   345 | D        | Noticed an orc wizard
   353 | D        | Killed an orc wizard
   353 | D        | Reached ***** piety under Trog
   360 | D        | Killed an orc wizard
   360 | D        | Reached skill level 2 in Fighting
   440 | D        | Noticed a necrophage
   440 | D        | Noticed a basilisk
   440 | D        | Noticed a demonic crawler
   446 | D        | Killed a necrophage
   446 | D        | Reached skill level 3 in Short Blades
   456 | D        | HP: 1/52 [demonic crawler (7)]
   458 | D        | Slain by a demonic crawler

Action                   |  1- 3 |  4- 6 |  7- 9 || total
-------------------------+-------+-------+-------++-------
Melee: Dagger            |     9 |    20 |    21 ||    50
Invok: Berserk           |     1 |     1 |     2 ||     4
       Trog's Hand       |       |       |     1 ||     1
       Brothers in Arms  |       |       |     1 ||     1
 Stab: Sleeping          |     5 |     7 |       ||    12
  Eat: Bread ration      |       |       |     1 ||     1
